 Seeded DCSS version 0.30.0-10-gfe55d96785 (webtiles) character file.

Game seed: 14882989859334502647 (custom seed)

84 Pimp the Covered (level 4, -5/29 HPs)
             Began as a Gargoyle Fighter on May 13, 2023.
             Slain by Sigmund
             ... wielding a +0 scythe
              (8 damage)
             ... on level 3 of the Dungeon.
             The game lasted 00:02:55 (2072 turns).

Pimp the Covered (Gargoyle Fighter)                 Turns: 2072, Time: 00:02:56

Health: -5/29      AC: 26    Str: 21      XL:     4   Next: 45%
Magic:  4/4        EV:  6    Int:  8 (9)  God:
Gold:   106        SH:  9    Dex: 12      Spells: 3/3 levels left

rFire   . . .        a - +0 flail
rCold   . . .        c - +0 buckler
rNeg    + . .        o - +8 plate armour of the Lotus Blossom {Will+ Dex+3}
rPois   ∞            i - +1 helmet
rElec   +            (no cloak)
rCorr   .            g - +0 pair of gloves
SInv    .            (no boots)
Will    +....        (no amulet) Stlth
                     (no ring)
HPRegen 0.24/turn    (no ring)
MPRegen 0.09/turn

%: no passive effects
@: mighty
A: sickness immunity, AC +3, negative energy resistance 1, electricity
resistance, torment resistance 1, petrification resistance, large bone plates 1,
deterioration 1
a: no special abilities


You were on level 3 of the Dungeon.
You visited 1 branch of the dungeon, and saw 3 of its levels.

You collected 106 gold pieces.

Inventory:

Hand Weapons
 a - a +0 flail (weapon)
Armour
 b - a +0 scale mail
 c - a +0 buckler (worn)
 g - a +0 pair of gloves (worn)
 i - a +1 helmet (worn)
 o - the +8 plate armour of the Lotus Blossom (worn) {Will+ Dex+3}
   (You found it on level 2 of the Dungeon)

   Dex:       It affects your dexterity (+3).
   Will:      It increases your willpower.
Jewellery
 h - a ring of protection from fire
Scrolls
 f - a scroll of amnesia
 j - 3 scrolls of enchant armour
 k - a scroll of fog
 m - a scroll of silence
 n - 2 scrolls of teleportation
Potions
 e - 2 potions of curing {unknown}
 l - a potion of degeneration {unknown}
 p - a potion of attraction {unknown}


   Skills:
 + Level 3.8 Fighting
 + Level 2.6 Maces & Flails
 * Level 4.3 Armour
 + Level 3.8 Shields


You had 3 spell levels left.
You didn't know any spells.
Your spell library was empty.

Dungeon Overview and Level Annotations

Branches:
Dungeon (3/15)

Altars:

Shops:
D:1 [

Annotations:
D:1 2 transporters
D:3 1 runed translucent door, Crazy Yiuf, Sigmund


Innate Abilities, Weirdness & Mutations

You are immune to sickness and miasma.
Your stone body is resilient. (AC +3)
You are immune to poison.
You resist negative energy. (rN+)
You are resistant to electric shocks. (rElec)
You are resistant to unholy torment.
You are immune to petrification.
You are partially covered in large bone plates. (SH +4)
Your body sometimes deteriorates upon taking damage.


Message History

Deactivating autopickup; reactivate with Ctrl-A.
You closely miss the kobold. The kobold hits you but does no damage.
You hear some strange, mumbled words.
Something tries to affect you, but you resist.
You hit the kobold.
The kobold is severely wounded.
The kobold hits you but does no damage.
You hit the kobold.
You kill the kobold!
Something hits you!
You miss something.
You hear some strange, mumbled words.
You are confused.
You bump into the rock wall.
Something hits you.
You completely miss something.
You hear some strange, mumbled words.
Something tries to affect you, but you resist.
You miss something. Something hits you.
You completely miss something.
You hear some strange, mumbled words.
A puff of flame appears from out of thin air!
The puff of flame hits you.
Your body deteriorates!
You feel dopey.
You closely miss something.
You feel less confused.
You hear some strange, mumbled words.
A puff of flame appears from out of thin air!
The puff of flame hits you.
You completely miss something.
You hear some strange, mumbled words.
Something tries to affect you, but you resist.
You block something's attack.
You feel very mighty all of a sudden.
You closely miss something.
You hear some strange, mumbled words.
A magic dart appears from out of thin air!
The magic dart hits you!
* * * LOW HITPOINT WARNING * * *
You miss something. Something hits you!
You die...

#####.##### #..>##.^.##
##...##
#.###.....###.....##
#.##...(...#...$...#
#.##.......#.......#
#.##.......#.......#
##.###.....###.....#
.....##...## #.){#
#.....##'#######@#######+#
#..##.....................
...##.....................
##.##....).......)........
#.#####'#######'#######+#
##### ##.####...## ##...##
#...#
#.#.##.....###.....##
###.#
.####.......#.......# #.#
#.#.#.......#.......# #.#


There were no monsters in sight!

Vanquished Creatures
  An orc priest (D:3)
  A worm (D:2)
  2 dart slugs
  2 orcs (D:3)
  4 bats
  4 endoplasms
  3 giant cockroaches
  5 goblins
  6 hobgoblins
  2 jackals (D:2)
  4 kobolds
  3 ball pythons
  2 frilled lizards
  3 rats
42 creatures vanquished.

Notes
Turn   | Place    | Note
-------+----------+-------------------------------------------
     0 | D:1      | Pimp the Gargoyle Fighter began the quest for the Orb.
     0 | D:1      | Reached XP level 1. HP: 14/14 MP: 1/1
   152 | D:1      | Reached XP level 2. HP: 18/19 MP: 2/2
   185 | D:1      | Found a transporter.
   185 | D:1      | Found Icleoreu's Armour Emporium.
   220 | D:1      | Found a transporter.
   521 | D:1      | Found a faded altar of an unknown god.
   826 | D:2      | Reached XP level 3. HP: 19/23 MP: 3/3
  1058 | D:2      | Reached skill level 4 in Armour
  1268 | D:2      | Identified the +8 plate armour of the Lotus Blossom {Will+
                  | Dex+3}
  1554 | D:3      | Reached XP level 4. HP: 14/29 MP: 4/4
  1560 | D:3      | Gained mutation: Your body sometimes deteriorates upon
                  | taking damage. [potion of mutation]
  1560 | D:3      | Gained mutation: You are partially covered in large bone
                  | plates. (SH +4) [potion of mutation]
  1672 | D:3      | Found a runed translucent door.
  1673 | D:3      | Noticed Crazy Yiuf
  2054 | D:3      | Noticed Sigmund
  2072 | D:3      | Slain by Sigmund

Illustrated notes

Levels and vault maps discovered:
D:1:      ldierk_walled_garden_2, layout_loops_ring, serial_shops,
          nicolae_shop_drivethru, hellmonk_ecumenical_altar_leap_of_faith,
          minmay_misc_feat_doors
D:2:      layout_basic
D:3:      kennysheep_six_static_rooms, layout_loops_ring, uniq_sigmund,
          uniq_crazy_yiuf_cottage, uniq_natasha

Skill      XL: |  1  2  3 |
---------------+----------+-----
Armour         | 4 |  4.3
Fighting       | |  3.8
Maces & Flails | |  2.6
Shields        | |  3.8

Action                     |  1- 3 |  4- 6 || total
---------------------------+-------+-------++-------
  Melee: Flail             |   121 |    21 ||   142
    Use: Scroll            |       |     7 ||     7
         Potion            |       |     2 ||     2
 Armour: Scale mail        |    52 |       ||    52
         Plate armour      |    21 |    10 ||    31
  Dodge: Dodged            |    39 |     3 ||    42
  Block: Buckler           |    35 |     4 ||    39
